 Dungeon Crawl Stone Soup version 0.22.0-18-ge075c0d (webtiles) character file.

259 Lew the Distorting Demonspawn (level 5, 0/42 HPs)
             Began as a Demonspawn Abyssal Knight on Aug 18, 2018.
             Was a Believer of Lugonu.
             Killed from afar by Aviak's ghost (1 damage)
             ... with a magic dart
             ... on level 3 of the Dungeon.
             The game lasted 00:08:18 (3552 turns).

Lew the Distorting Demonspawn (DsAK)                Turns: 3552, Time: 00:08:18

Health: 0/42       AC: 13    Str: 13    XL:     5   Next: 95%
Magic:  8/8        EV:  9    Int: 14    God:    Lugonu [**....]
Gold:   166        SH:  0    Dex: 12    Spells: 4/4 levels left

rFire    + + .     SeeInvis .   k - +0 dagger (venom)
rCold    x . .     Gourm    .   (no shield)
rNeg     . . .     Faith    .   d - +0 fire dragon scales
rPois    .         Spirit   .   (no helmet)
rElec    .         Reflect  .   f - +2 cloak
rCorr    .         Harm     .   (no gloves)
MR       .....                  m - +0 pair of boots
Stlth    ..........             o - amulet of magic regeneration
HPRegen  0.14/turn              j - ring of wizardry
MPRegen  0.36/turn              (no ring)

@: no status effects
A: claws 1
a: Depart the Abyss, Bend Space, Renounce Religion


You were on level 3 of the Dungeon.
You worshipped Lugonu.
Lugonu was pleased with you.
You were not hungry.

You visited 1 branch of the dungeon, and saw 3 of its levels.
You visited the Abyss 1 time.

You collected 166 gold pieces.

Inventory:

Hand Weapons
 a - a +1 falchion
 k - a +0 dagger of venom (weapon)
Armour
 b - a +0 leather armour
 d - +0 fire dragon scales (worn)
 f - a +2 cloak (worn)
 m - a +0 pair of boots (worn)
Jewellery
 j - a ring of wizardry (left claw)
 o - an amulet of magic regeneration (around neck)
Wands
 p - a wand of polymorph (14)
Scrolls
 i - a scroll of noise
 n - a scroll of teleportation
 q - 2 scrolls of blinking
 r - a scroll of identify
Potions
 e - a potion of curing
 h - 2 potions of flight
Comestibles
 c - 5 rations


   Skills:
 + Level 4.0 Fighting
 + Level 0.6(1.9) Short Blades
 + Level 2.9(3.0) Long Blades
 + Level 2.9 Armour
 + Level 2.3 Dodging
 + Level 4.1 Invocations


You had 4 spell levels left.
You didn't know any spells.
Your spell library was empty.

Dungeon Overview and Level Annotations

Branches:
Dungeon (3/15)

Altars:
Nemelex Xobeh

Annotations:
D:3 Aviak's ghost, amateur GnWz


Innate Abilities, Weirdness & Mutations

You have sharp fingernails.


Message History

Aviak's ghost closely misses you.
You closely miss Aviak's ghost.
Aviak's ghost is severely damaged.
Aviak's ghost hits you.
* * * LOW HITPOINT WARNING * * *
You closely miss Aviak's ghost.
Aviak's ghost is severely damaged.
Aviak's ghost hits you but does no damage.
You hit Aviak's ghost but do no damage.
Aviak's ghost is severely damaged.
Aviak's ghost hits you but does no damage.
You hit Aviak's ghost.
Aviak's ghost is severely damaged.
Aviak's ghost hits you.
* * * LOW HITPOINT WARNING * * *
You hit Aviak's ghost but do no damage.
Aviak's ghost is severely damaged.
Aviak's ghost casts a spell at you. The magic dart hits you!
You die...

###......# #...# #.#
.........# #...# #.#
......#.## #..[# #.#
........####...#####.#
......##...........#.#
...#####.........#.#.#
##..........####.#.#.#
.#..###.....#♣.#.#.#.#
.#..#....#..#8?W@..#.#
.#..#.#..#.##♣.#...#.#
.#..#.#.....####.#.#.#
.#..#.#.......##.#.#.#
.#....#.......##.#.#.#########
..#.#)).).....##.#.#.#.......#
#.#.#<#.#.....##.#.#.#.#####.#
....#)#.##+#####.........# #.#
....#.#.##.# ####.##.######.#


You could see Aviak's ghost.

Vanquished Creatures
  An orc priest (D:3)
  An orc wizard (D:3)
  Jessica (D:2)
  A worker ant (D:3)
  6 adders
  An ooze (D:1)
  3 worms
  2 dart slugs (D:1)
  2 leopard geckos
  13 orcs (D:3)
  6 bats
  2 giant cockroaches
  3 goblins
  5 hobgoblins
  6 jackals
  5 frilled lizards
  6 kobolds
  8 rats
  A plant (D:1)
73 creatures vanquished.

Notes
Turn   | Place    | Note
-------+----------+-------------------------------------------
     0 | Abyss:1  | Lew the Demonspawn Abyssal Knight began the quest for the Orb.
     0 | Abyss:1  | Reached XP level 1. HP: 18/18 MP: 2/2
    57 | Abyss:2  | Noticed a large abomination
   104 | Abyss:4  | Found a corrupted altar of Lugonu.
   131 | Abyss:4  | Noticed a worldbinder
   135 | D:1      | Escaped the Abyss
   353 | D:1      | Reached skill level 1 in Dodging
   425 | D:1      | Reached * piety under Lugonu
   437 | D:1      | Gained mutation: You have sharp fingernails. [demonic ancestry]
   437 | D:1      | Reached XP level 2. HP: 20/24 MP: 4/4
   904 | D:2      | Reached XP level 3. HP: 13/29 MP: 5/5
  1275 | D:2      | Found a sparkling altar of Nemelex Xobeh.
  1318 | D:2      | Noticed Jessica
  1337 | D:2      | Killed Jessica
  1337 | D:2      | Reached XP level 4. HP: 4/35 MP: 6/6
  1931 | D:3      | Reached XP level 5. HP: 34/42 MP: 7/7
  1934 | D:3      | Reached ** piety under Lugonu
  3159 | D:3      | Found a runed door.
  3164 | D:3      | Noticed Aviak's ghost (amateur GnWz)
  3548 | D:3      | HP: 2/42 [Aviak's ghost (2)]
  3552 | D:3      | Killed from afar by Aviak's ghost

Skill      XL: |  1  2  3  4  5 |
---------------+----------------+-----
Dodging        | 1 2 |  2.3
Long Blades    | 2 |  2.9
Armour         | 2 |  2.9
Invocations    | 3 4 |  4.1
Fighting       | 4 |  4.0
Short Blades   | |  0.6

Action                   |  1- 3 |  4- 6 || total
-------------------------+-------+-------++-------
Melee: Falchion          |   188 |    79 ||   267
       Dagger            |       |   135 ||   135
Invok: Depart the Abyss  |     1 |       ||     1
  Use: Potion            |     8 |     1 ||     9
       Scroll            |     7 |     3 ||    10
  Eat: Ration            |     1 |     2 ||     3
Armor: Fire dragon scale |    84 |   103 ||   187
Dodge: Dodged            |    63 |    75 ||   138
       Rpst.: Falchion   |    21 |    11 ||    32
